Map: Chantier naval orbital

Players

Sonzai

  • Race: Protoss Protoss
  • League: Diamond

barokHD - Winner!

  • Race: Protoss Protoss
  • League: Diamond

VOD

Have the link to the VOD?

Description

Time

  • Played on: Jan. 27, 2016, 10:57 a.m.
  • Length: 13:47
Show
View Real Time Build Order
Export as new Build Order

Sonzai Protoss 

Build Orders:  

Get SALT Encoding   

  12  0:01  Probe (Chrono Boost)  
  13  0:13  Probe (Chrono Boost)  
  14  0:18  Pylon  
  14  0:23  Probe (Chrono Boost)  
  15  0:36  Probe (Chrono Boost)  
  15  0:37  Gateway  
  16  0:42  Assimilator  
  16  0:47  Probe (Chrono Boost)  
  17  0:51  Assimilator  
  17  0:57  Probe (Chrono Boost)  
  18  1:06  Gateway  
  18  1:16  Probe (Chrono Boost)  
  19  1:27  Probe (Chrono Boost)  
  19  1:30  Cybernetics Core  
  20  1:33  Pylon  
  20  1:41  Probe (Chrono Boost)  
  21  1:51  Probe (Chrono Boost)  
  22  1:58  Pylon  
  22  2:02  Probe (Chrono Boost)  
  22  2:07  Stalker  
  25  2:09  Warp Gate (Chrono Boost)  
  25  2:15  Stalker  
  27  2:29  Robotics Facility  
  27  2:39  Gateway  
  27  2:55  Gateway  
  27  2:56  Pylon  
  27  3:02  Mothership Core  
  29  3:08  Pylon  
  33  4:13  Pylon  
  33  4:22  Nexus  
  33  4:28  Pylon  
  33  4:30  Pylon  
  33  4:40  Pylon  
  33  4:41  Pylon  
  33  4:43  Probe  
  33  4:47  Immortal (Chrono Boost)  
  33  4:57  Stalker x3  
  39  5:07  Pylon  
  39  5:11  Mothership Core  
  36  5:41  Stalker x4  
  38  6:00  Warp Prism (Chrono Boost)  
  40  6:04  Probe  
  40  6:06  Probe  
  42  6:16  Probe  
  43  6:20  Stalker x2  
  43  6:22  Probe  
  48  6:28  Probe  
  48  6:31  Pylon  
  48  6:41  Stalker  
  48  6:44  Sentry  
  34  7:21  Stalker x2  
  34  7:22  Stalker  
  38  7:23  Probe  
  38  7:24  Probe  
  40  7:33  Pylon  
  40  7:35  Pylon  
  38  7:38  Pylon  
  38  7:45  Probe  
  38  7:46  Probe  
  38  7:47  Stargate  
  40  7:55  Forge  
  40  7:56  Probe  
  40  7:58  Probe  
  42  8:06  Probe  
  42  8:08  Probe  
  44  8:13  Sentry  
  44  8:15  Sentry  
  44  8:17  Probe  
  49  8:20  Probe  
  50  8:27  Probe, Pylon  
  51  8:36  Photon Cannon  
  51  8:38  Photon Cannon  
  51  8:43  Photon Cannon  
  51  8:52  Photon Cannon  
  51  8:56  Pylon  
  51  8:57  Pylon  
  51  9:04  Void Ray (Chrono Boost)  
  55  9:11  Sentry  
  55  9:12  Sentry  
  59  9:18  Photon Cannon  
  59  9:27  Gateway  
  59  9:29  Gateway  
  59  9:33  Photon Cannon  
  59  9:43  Void Ray (Chrono Boost)  
  63  9:52  Photon Cannon  
  63  9:53  Probe, Photon Cannon  
  63  9:54  Probe  
  65  10:18  Void Ray (Chrono Boost)  
  65  10:20  Protoss Ground Weapons Level 1 (Chrono Boost), Assimilator  
  65  10:22  Pylon  
  65  10:25  Assimilator  
  69  10:33  Stalker  
  69  10:34  Stalker  
  73  10:40  Zealot  
  73  10:41  Zealot  
  75  10:56  Oracle  
  63  10:57  Stalker x2  
  56  11:10  Stalker x2  
  52  11:21  Stalker x2  
  44  11:52  Zealot  
  44  11:53  Zealot  
  46  11:58  Cybernetics Core  
  46  12:01  Gateway  
  46  12:02  Photon Cannon  
  46  12:04  Pylon, Photon Cannon  
  46  12:35  Stalker  
  31  12:58  Stalker  
  17  13:33  Stalker  
Show
View Real Time Build Order
Export as new Build Order

barokHD Protoss - Winner!

Build Orders: 1 Gate Expand 

Get SALT Encoding   

  12  0:01  Probe (Chrono Boost)  
  13  0:11  Probe (Chrono Boost)  
  14  0:17  Pylon  
  14  0:22  Probe (Chrono Boost)  
  16  0:35  Probe (Chrono Boost)  
  16  0:42  Gateway  
  16  0:46  Probe (Chrono Boost)  
  16  0:49  Assimilator  
  17  0:57  Probe (Chrono Boost)  
  18  1:07  Probe (Chrono Boost)  
  19  1:18  Probe (Chrono Boost)  
  20  1:24  Nexus  
  20  1:29  Assimilator  
  20  1:40  Cybernetics Core  
  20  1:42  Probe (Chrono Boost)  
  21  1:53  Probe (Chrono Boost)  
  22  2:00  Pylon  
  22  2:07  Probe (Chrono Boost)  
  23  2:18  Stalker  
  23  2:19  Mothership Core (Chrono Boost)  
  27  2:26  Pylon  
  27  2:31  Pylon  
  27  2:37  Probe (Chrono Boost)  
  28  2:52  Probe x2 (Chrono Boost)  
  28  2:55  Pylon, Stargate  
  30  3:00  Pylon  
  30  3:05  Pylon  
  30  3:36  Gateway  
  30  3:38  Gateway  
  30  3:54  Pylon  
  30  3:55  Pylon  
  30  4:02  Stalker, Warp Gate (Chrono Boost)  
  32  4:09  Gateway  
  32  4:10  Pylon  
  32  4:14  Void Ray (Chrono Boost)  
  36  4:27  Stalker  
  36  4:30  Stalker  
  40  4:37  Probe x2 (Chrono Boost)  
  42  4:56  Void Ray (Chrono Boost)  
  42  5:19  Stalker  
  42  5:21  Stalker x2  
  48  5:25  Sentry  
  50  5:34  Void Ray (Chrono Boost)  
  54  6:00  Probe  
  54  6:02  Probe  
  56  6:10  Stalker x4  
  64  6:17  Assimilator  
  64  6:20  Assimilator  
  64  6:25  Probe  
  64  6:27  Probe, Pylon  
  66  6:37  Probe  
  67  6:41  Stalker  
  69  7:00  Zealot  
  69  7:01  Zealot x2  
  72  7:05  Probe  
  72  7:06  Probe  
  65  7:15  Probe  
  65  7:18  Probe  
  65  7:21  Stalker  
  65  7:22  Stalker x3  
  75  7:26  Probe, Gateway  
  76  7:30  Probe  
  76  7:36  Probe  
  78  7:50  Pylon  
  78  7:51  Pylon  
  78  7:55  Pylon  
  78  7:56  Pylon  
  78  8:06  Probe  
  78  8:08  Probe  
  80  8:17  Probe  
  80  8:19  Twilight Council  
  81  8:20  Probe  
  82  8:27  Probe  
  82  8:31  Nexus  
  83  8:40  Stalker x3  
  83  8:57  Stalker x2  
  83  9:01  Blink (Chrono Boost)  
  87  9:08  Robotics Facility  
  87  9:29  Stalker x2  
  89  9:47  Stalker x2  
  89  9:51  Stalker  
  95  9:54  Probe  
  95  9:56  Probe  
  95  9:57  Probe  
  98  10:08  Probe  
  98  10:10  Stalker x2  
  101  10:14  Probe x2  
  101  10:20  Probe  
  104  10:22  Assimilator  
  104  10:24  Observer  
  104  10:27  Assimilator  
  105  10:36  Zealot x5  
  79  11:08  Stalker x2  
  79  11:09  Stalker x2  
  73  11:26  Stalker  
  73  11:32  Stalker x2  
  77  11:41  Stalker  
  79  11:52  Stalker  
  81  12:00  Zealot x3  
  87  12:18  Observer  
  62  12:47  Stalker  
  62  12:48  Stalker  
  64  13:09  Stalker  
  59  13:31  Zealot  
  59  13:32  Zealot x2  
Tags
 
Add a new tag
Caveats
  • Supply blocks, unpowered buildings, or Contaminate may cause inaccurate times.
  • Supply counts are checked every 10 seconds.